 Dungeon Crawl Stone Soup version 0.21.1-1-g345015f (webtiles) character file.

14777 grindst0ne the Thrower (level 12, -5/130 HPs)
             Began as an Ogre Hunter on Feb 26, 2018.
             Was a High Priest of Okawaru.
             Slain by a polar bear (6 damage)
             ... on level 1 of the Lair of Beasts on Feb 27, 2018.
             The game lasted 00:45:16 (20049 turns).

grindst0ne the Thrower (Ogre Hunter)               Turns: 20049, Time: 00:45:17

Health: -5/130     AC:  7    Str: 19    XL:     12   Next: 20%
Magic:  15/15      EV: 11    Int: 12    God:    Okawaru [*****.]
Gold:   531        SH:  0    Dex: 13    Spells: 11/11 levels left

rFire    . . .     SeeInvis .   j - +2 giant spiked club (freeze)
rCold    + . .     Gourm    .   (shield currently unavailable)
rNeg     + . .     Faith    .   x - +0 steam dragon scales
rPois    .         Spirit   .   (helmet restricted)
rElec    .         Reflect  .   r - +0 cloak
rCorr    .         Harm     .   (gloves unavailable)
MR       +....                  (boots unavailable)
Stlth    +.........             B - amulet of magic regeneration
HPRegen  0.31/turn              D - ring of positive energy
MPRegen  0.39/turn              b - ring of protection from cold

@: no status effects
A: large, unfitting armour, tough skin 1
a: Heroism, Finesse, Renounce Religion


You were on level 1 of the Lair of Beasts.
You worshipped Okawaru.
Okawaru was extremely pleased with you.
You were not hungry.

You visited 3 branches of the dungeon, and saw 13 of its levels.

You collected 531 gold pieces.

Inventory:

Hand Weapons
 d - a +1 whip of flaming
 j - a +2 giant spiked club of freezing (weapon)
 m - a +0 dire flail
Missiles
 C - a poisoned tomahawk (quivered)
 E - 5 javelins of returning
 F - 8 javelins
Armour
 r - a +0 cloak (worn)
 u - a +1 robe of magic resistance
 x - +0 steam dragon scales (worn)
Jewellery
 b - a ring of protection from cold (right hand)
 e - an uncursed ring of wizardry
 s - an uncursed ring of positive energy
 B - an amulet of magic regeneration (around neck)
 D - a ring of positive energy (left hand)
Wands
 g - a wand of digging (5)
 A - a wand of paralysis (4)
Scrolls
 h - 6 scrolls of remove curse
 i - 2 scrolls of fog
 n - 2 scrolls of teleportation
 p - a scroll of immolation
 y - a scroll of vulnerability
 z - a scroll of silence
Potions
 c - a potion of mutation
 k - 3 potions of flight
 w - a potion of brilliance
Books
 o - a book of Flames

   Spells                             Type                      Level
   a - Flame Tongue                   Conjuration/Fire             1
   b - Throw Flame                    Conjuration/Fire             2
   c - Conjure Flame                  Conjuration/Fire             3
   d - Inner Flame                    Hexes/Fire                   3
   e - Sticky Flame                   Conjuration/Fire             4
   f - Fireball                       Conjuration/Fire             5
 v - a book of Misfortune

   Spells                             Type                      Level
   a - Confusing Touch                Hexes                        1
   b - Confuse                        Hexes                        3
   c - Gell's Gravitas                Translocation                3
   d - Petrify                        Transmutation/Earth          4
   e - Metabolic Englaciation         Hexes/Ice                    5
   f - Yara's Violent Unravelling     Hexes/Transmutation          5
Comestibles
 a - 9 chunks of flesh
 f - 16 rations


   Skills:
 - Level 11.0 Fighting
 + Level 10.6 Maces & Flails
 + Level 11.8 Throwing
 + Level 1.9 Armour
 + Level 2.8 Dodging
 - Level 0.6 Stealth
 - Level 4.1 Invocations
 + Level 3.5 Evocations


You had 11 spell levels left.
You didn't know any spells.

Dungeon Overview and Level Annotations

Branches:
Dungeon (11/15)            Temple (1/1) D:6            Lair (1/6) D:11
    Orc (0/2) D:9

Altars:
Ashenzari
Cheibriados
Dithmenos
Elyvilon
Fedhas
Gozag
Hepliaklqana
Kikubaaqudgha
Makhleb
Nemelex Xobeh
Okawaru
Qazlal
Ru
Sif Muna
Trog
Uskayaw
Vehumet
Wu Jian
Xom
Yredelemnul
Zin
The Shining One

Shops:
D:5 }   D:9 [

Annotations:
D:4 shakethe's ghost, novice FoEE
D:6 exclusion: downstairs
D:10 exclusion: 2 downstairs
D:11 Snorg


Innate Abilities, Weirdness & Mutations

You are too large for most types of armour.
You have tough skin. (AC +1)


Message History

* * * LOW HITPOINT WARNING * * *
You completely miss the polar bear.
The polar bear is almost dead.
The polar bear bites you!!
* * * LOW HITPOINT WARNING * * *
The polar bear barely misses you. The polar bear claws you.
* * * LOW HITPOINT WARNING * * *
Okay, then.
Okay, then.
Evoke which item? (* to show all) (? for menu, Esc to quit)
Aiming: Paralyse
Press: ? - help, Shift-Dir - straight line, f/p - polar bear
Aim: a polar bear (almost dead, berserk, fast, unusually strong, poisoned, chance to defeat MR: 56%)
The polar bear resists with significant effort.
The polar bear barely misses you.
The polar bear claws you but does no damage.
The polar bear claws you.
* * * LOW HITPOINT WARNING * * *
The polar bear bites you.
You die...

.........#...S.##..♣..#..........
.........#.....##............#...
.....##..(.....##.....##.....####
...%.....(#.....#.....#....'##
......#.......##.#.#.##.....##
......#...(#######...##......#
(.........(# #####...##....###
$..........###..##...........#
.....##...P....h@..........#.###
.....P#....#..####.##.........P##
...P.......##....########.###....
..........##......# ####.....
(.........#..###...# ##.P..
.((.......#.. .... #....
≈.#######.##. ... #..#. ≈..##
##..## ... ...#. ≈≈≈.####..## #.#
..##


You could see a polar bear (berserk).

Vanquished Creatures
  Erica (D:8)
  3 two-headed ogres
  Urug (D:10)
  Pikel (D:5)
  A black mamba (Lair:1)
  2 centaur zombies
  Joseph (D:9)
  A spiny frog (Lair:1)
  A rime drake (Lair:1)
  A komodo dragon (Lair:1)
  4 polar bears (Lair:1)
  Prince Ribbit (D:7)
  2 hippogriffs (Lair:1)
  5 yaks (D:11)
  Grum (D:8)
  A steam dragon (D:8)
  A soldier ant (D:11)
  4 water moccasins
  Duvessa (D:4)
  3 porcupines (D:11)
  4 orc warriors
  2 slaves (D:5)
  3 ice beasts
  3 sky beasts
  2 black bears (Lair:1)
  8 ogres
  3 wolves (D:7)
  A phantom (D:8)
  An eye of draining (D:6)
  2 centaurs
  2 crocodiles (D:11)
  4 bullfrogs
  Dowan (D:4)
  A wyvern skeleton (D:10)
  3 scorpions
  5 killer bees (D:10)
  5 wights
  4 howler monkeys
  3 crimson imps
  4 bullfrog skeletons
  8 orc priests
  9 hounds
  A jelly (D:8)
  A gnoll shaman (D:9)
  Jessica (D:3)
  7 iguanas
  Terence (D:3)
  8 worker ants
  6 orc wizards
  A killer bee zombie (D:10)
  A hound zombie (D:7)
  A hound skeleton (D:5)
  11 gnolls
  2 howler monkey skeletons
  17 adders
  4 shadow imps
  2 oozes (D:1)
  6 worms
  5 dart slugs
  4 leopard geckos
  48 orcs
  4 ball pythons
  7 giant cockroaches
  7 goblins
  10 hobgoblins
  9 jackals
  5 kobolds
  4 quokkas
  2 bats
  4 frilled lizards
  A jackal skeleton (D:5)
  A quokka skeleton (D:4)
  10 rats
305 creatures vanquished.

Vanquished Creatures (collateral kills)
  A hydra (Lair:1)
  A basilisk (D:11)
  A black bear (Lair:1)
3 creatures vanquished.

Vanquished Creatures (others)
  3 bushes (D:11)
  8 fungi
  23 plants
34 creatures vanquished.

Grand Total: 342 creatures vanquished

Notes
Turn   | Place    | Note
-------+----------+-------------------------------------------
     0 | D:1      | grindst0ne the Ogre Hunter began the quest for the Orb.
     0 | D:1      | Reached XP level 1. HP: 22/22 MP: 1/1
   285 | D:1      | Reached XP level 2. HP: 22/31 MP: 2/2
   648 | D:1      | Reached XP level 3. HP: 26/39 MP: 3/3
  1194 | D:2      | Reached XP level 4. HP: 32/49 MP: 4/4
  1425 | D:2      | Reached skill level 5 in Throwing
  1751 | D:2      | Reached skill level 5 in Fighting
  1781 | D:2      | Reached XP level 5. HP: 39/57 MP: 5/5
  2028 | D:3      | Noticed Jessica
  2029 | D:3      | Killed Jessica
  2129 | D:3      | Noticed Terence
  2143 | D:3      | Killed Terence
  2291 | D:3      | Reached XP level 6. HP: 60/67 MP: 6/6
  2649 | D:4      | Found a sparkling altar of Nemelex Xobeh.
  2704 | D:4      | Noticed shakethe's ghost (novice FoEE)
  2923 | D:4      | HP: 2/68 [shakethe's ghost (8)]
  3447 | D:4      | Reached XP level 7. HP: 69/78 MP: 7/7
  3527 | D:4      | Reached skill level 1 in Maces & Flails
  3757 | D:4      | Noticed Duvessa
  3757 | D:4      | Noticed Dowan
  4779 | D:4      | Killed Duvessa
  4805 | D:4      | Killed Dowan
  5156 | D:5      | Entered Level 5 of the Dungeon
  5183 | D:5      | Reached XP level 8. HP: 67/88 MP: 8/8
  6560 | D:5      | Found Vitzuen's Gadget Shoppe.
  6739 | D:5      | Noticed Pikel
  6751 | D:5      | Killed Pikel
  6751 | D:5      | Reached skill level 10 in Fighting
  6751 | D:5      | Reached skill level 5 in Maces & Flails
  6751 | D:5      | Reached XP level 9. HP: 95/102 MP: 9/9
  6917 | D:6      | Found a bloodstained altar of Trog.
  7239 | D:6      | Found a staircase to the Ecumenical Temple.
  7326 | Temple   | Entered the Ecumenical Temple
  7566 | Temple   | Became a worshipper of Warmaster Okawaru
  9000 | D:7      | Reached * piety under Okawaru
  9811 | D:8      | Noticed Grum
 10082 | D:8      | Found an opulent altar of Gozag.
 10087 | D:8      | Noticed Prince Ribbit
 10115 | D:7      | Reached XP level 10. HP: 35/113 MP: 10/10
 10498 | D:7      | Killed Prince Ribbit
 10719 | D:8      | Killed Grum
 10959 | D:8      | Noticed Erica
 11359 | D:8      | Found a glowing golden altar of the Shining One.
 12237 | D:8      | Reached ** piety under Okawaru
 12503 | D:8      | Killed Erica
 13108 | D:9      | Found a staircase to the Orcish Mines.
 13625 | D:9      | Noticed a two-headed ogre
 13685 | D:9      | Killed a two-headed ogre
 13685 | D:9      | Reached *** piety under Okawaru
 13685 | D:9      | Reached skill level 10 in Throwing
 13716 | D:9      | Found Yfruocw's Armour Boutique.
 14236 | D:10     | Entered Level 10 of the Dungeon
 14296 | D:10     | Reached skill level 1 in Invocations
 14309 | D:10     | Noticed a two-headed ogre
 14318 | D:10     | Killed a two-headed ogre
 14318 | D:10     | Reached **** piety under Okawaru
 14318 | D:10     | Reached XP level 11. HP: 113/120 MP: 10/12
 14866 | D:10     | Noticed Urug
 15287 | D:10     | Noticed Joseph
 15318 | D:9      | Killed Joseph
 15738 | D:10     | Killed Urug
 15738 | D:10     | Received a gift from Okawaru
 15738 | D:10     | Reached ***** piety under Okawaru
 17055 | D:11     | Reached skill level 10 in Maces & Flails
 17055 | D:11     | Reached skill level 1 in Evocations
 17237 | D:11     | Noticed Snorg
 17269 | D:10     | Noticed a two-headed ogre
 17283 | D:10     | Killed a two-headed ogre
 17905 | D:11     | Received a gift from Okawaru
 18026 | D:11     | Found a staircase to the Lair.
 18067 | Lair:1   | Entered Level 1 of the Lair of Beasts
 19012 | Lair:1   | Noticed a six-headed hydra
 19021 | Lair:1   | Killed a six-headed hydra
 19021 | Lair:1   | Received a gift from Okawaru
 19307 | Lair:1   | Received a gift from Okawaru
 19307 | Lair:1   | Reached XP level 12. HP: 120/130 MP: 15/15
 19311 | Lair:1   | Reached skill level 1 in Armour
 19712 | Lair:1   | Received a gift from Okawaru
 20048 | Lair:1   | HP: 5/130 [polar bear (20)]
 20049 | Lair:1   | HP: 1/130 [polar bear (4)]
 20049 | Lair:1   | Slain by a polar bear

Skill      XL: |  1  2  3  4  5  6  7  8  9 10 11 12 |
---------------+-------------------------------------+-----
Fighting       | 3 4 5 6 7 8 10 11 | 11.0
Throwing       | 5 6 7 8 10 11 | 11.8
Maces & Flails | 2 5 7 9 10 | 10.6
Invocations    | 2 4 |  4.1
Evocations     | 3 |  3.5
Dodging        | 2 |  2.8
Armour         | 1 |  1.9
Stealth        | |  0.6

Action                   |  1- 3 |  4- 6 |  7- 9 | 10-12 || total
-------------------------+-------+-------+-------+-------++-------
Melee: Short sword       |   121 |    98 |       |       ||   219
       Hand axe          |       |    87 |   186 |       ||   273
       Whip              |       |       |   195 |   118 ||   313
       Giant spiked club |       |       |       |   345 ||   345
Throw: Large rock        |     8 |    28 |    51 |    21 ||   108
       Throwing net      |       |       |     5 |       ||     5
       Tomahawk          |       |       |    33 |   108 ||   141
       Javelin           |       |       |     5 |    13 ||    18
Evoke: Wand              |       |       |     1 |    18 ||    19
       Box of beasts     |       |       |       |     4 ||     4
  Use: Scroll            |     1 |     3 |    12 |    15 ||    31
       Potion            |       |     4 |     9 |     3 ||    16
 Stab: Sleeping          |       |     2 |     1 |     1 ||     4
       Paralysed         |       |       |       |     7 ||     7
  Eat: Chunk             |     1 |     6 |     9 |    25 ||    41
       Ration            |       |     1 |     3 |     2 ||     6
Armor: Robe              |    34 |    75 |    74 |    15 ||   198
       Steam dragon scal |       |       |       |   191 ||   191
Dodge: Dodged            |    68 |   106 |   216 |   327 ||   717
